[Event "Kupreichik Memorial Rapid 2019"]
[Site "Minsk"]
[Date "2019.08.17"]
[Round "10.20"]
[White "Romanovskij, Nikita"]
[Black "Shakhadanau, Henadzi"]
[Result "0-1"]
[ECO "E15"]
[WhiteElo "1869"]
[BlackElo "1868"]
[Annotator "NA"]
[PlyCount "146"]
[EventDate "2019.08.15"]
[EventType "swiss"]
[EventCountry "BLR"]
[SourceTitle "playchess.com"]
[Source "ChessBase"]
[SourceQuality "1"]
[TimeControl "900+10"]

1. d4 Nf6 2. Nf3 b6 3. c4 e6 4. g3 Ba6 5. b3 Bb4+ 6. Bd2 Be7 7. Bg2 c6 8. O-O O-O 9. Qc2 d5 10. Ne5 Nfd7 11. Nxd7 Nxd7 12. e4 Rc8 13. Be3 Nf6 14. h3 c5 15. Rd1 cxd4 16. Bxd4 Qc7 17. exd5 exd5 18. Nd2 dxc4 19. bxc4 Rfd8 20. Be3 Bb7 21. Bxb7 Qxb7 22. Nb3 Rxd1+ 23. Rxd1 h6 24. Qe2 Qe4 25. Rc1 Ba3 26. Rc2 Nd5 27. Nc5 Bxc5 28. cxd5 Qxd5 29. Bf4 Qf5 30. Kg2 Rd8 31. Rc3 Qd5+ 32. Kh2 Qd1 33. Rc2 Qxe2 34. Rxe2 Kf8 35. Rc2 Rd3 36. Kg2 Ke7 37. Kf1 Kd7 38. Ke2 Ra3 39. Be5 g6 40. Bf4 h5 41. Bc1 Ra4 42. Bf4 Kc6 43. Kd3 Ra3+ 44. Ke2 Kb5 45. Bc1 Ra4 46. Bf4 Rc4 47. Rd2 Kc6 48. Rb2 b5 49. Kd3 a5 50. Re2 Rd4+ 51. Kc3 b4+ 52. Kc2 Kb5 53. Re5 Rc4+ 54. Kb2 Kc6 55. Re8 a4 56. Rc8+ Kd5 57. Rd8+ Ke4 58. Ra8 Bd4+ 59. Kb1 a3 60. Bd2 Bxf2 61. g4 hxg4 62. hxg4 Kd3 63. Rd8+ Bd4 64. Bg5 Ke4 65. Bd2 Kd3 66. Bf4 Ke4 67. Bd2 Bc3 68. Bc1 f5 69. gxf5 gxf5 70. Re8+ Kf3 71. Bg5 f4 72. Kc2 Rc5 73. Be7 Re5 0-1

[Event "Kupreichik Memorial Rapid 2019"]
[Site "Minsk"]
[Date "2019.08.17"]
[Round "10.21"]
[White "Zverev, Lev"]
[Black "Naumovich, Yaroslav"]
[Result "0-1"]
[ECO "B15"]
[WhiteElo "1881"]
[BlackElo "1868"]
[Annotator "NA"]
[PlyCount "116"]
[EventDate "2019.08.15"]
[EventType "swiss"]
[EventCountry "BLR"]
[SourceTitle "playchess.com"]
[Source "ChessBase"]
[SourceQuality "1"]
[TimeControl "900+10"]

1. e4 c6 2. d4 d5 3. Nc3 dxe4 4. Nxe4 Nf6 5. Nxf6+ exf6 6. c3 Bd6 7. Bd3 O-O 8. Qc2 Re8+ 9. Ne2 h6 10. O-O Nd7 11. Bf4 Qc7 12. Bg3 Nf8 13. Rfe1 Bd7 14. c4 Rad8 15. Rad1 Bc8 16. Qc3 Bxg3 17. Nxg3 Ne6 18. Bc2 c5 19. d5 Nd4 20. Bb1 b6 21. Qd3 g6 22. Ne4 Kg7 23. Ng3 Bf5 24. Nxf5+ Nxf5 25. g3 Nd4 26. Kg2 Qd7 27. h4 h5 28. b4 Qa4 29. bxc5 bxc5 30. Qc3 Rb8 31. Bd3 Rxe1 32. Rxe1 Qxa2 33. Ra1 Qb3 34. Qd2 Qb6 35. Qf4 Re8 36. Rb1 Qd8 37. Rb7 Re7 38. Rb8 Qd7 39. Be4 Re8 40. Rb1 a5 41. Bd3 a4 42. Rb6 Qd8 43. Ra6 g5 44. hxg5 fxg5 45. Qd2 Re5 46. Rxa4 Qf6 47. Qd1 g4 48. Ra5 Qe7 49. Ra1 Nf3 50. Bf1 Re1 51. d6 Qe4 52. Qxe1 Nxe1+ 53. Kh2 Nf3+ 54. Kg2 Nd2+ 55. Kh2 Nxf1+ 56. Rxf1 Qd4 57. Rd1 Qxd1 58. f4 Qxd6 0-1

[Event "Kupreichik Memorial Rapid 2019"]
[Site "Minsk"]
[Date "2019.08.17"]
[Round "10.22"]
[White "Arlou, Valery"]
[Black "Kiryliuk, Ilya"]
[Result "0-1"]
[ECO "D02"]
[WhiteElo "1759"]
[BlackElo "1948"]
[Annotator "NA"]
[PlyCount "98"]
[EventDate "2019.08.15"]
[EventType "swiss"]
[EventCountry "BLR"]
[SourceTitle "playchess.com"]
[Source "ChessBase"]
[SourceQuality "1"]
[TimeControl "900+10"]

1. d4 Nf6 2. Nf3 d5 3. Bf4 e6 4. e3 Bd6 5. Bxd6 Qxd6 6. Nbd2 O-O 7. Ne5 c5 8. Be2 Nc6 9. Ndf3 Nd7 10. Nxd7 Bxd7 11. O-O e5 12. dxe5 Nxe5 13. Nxe5 Qxe5 14. c3 Rad8 15. Bf3 Bc6 16. Re1 f5 17. Qb3 Kh8 18. Qa3 Qd6 19. Rad1 f4 20. e4 d4 21. e5 Qg6 22. Bxc6 bxc6 23. f3 Qc2 24. cxd4 cxd4 25. Rxd4 Rb8 26. e6 c5 27. Rd7 Rxb2 28. Qxb2 Qxb2 29. e7 Re8 30. Rd8 Qb5 31. Red1 Kg8 32. Rxe8+ Qxe8 33. Rd8 Kf7 34. Rxe8 Kxe8 35. Kf2 Kxe7 36. Ke2 Kd6 37. Kd3 Kd5 38. Kc3 a5 39. a3 c4 40. g3 g5 41. a4 Kc5 42. gxf4 gxf4 43. h3 h6 44. h4 h5 45. Kc2 Kb4 46. Kb2 c3+ 47. Kc2 Kc4 48. Kd1 Kd3 49. Kc1 c2 0-1

[Event "Kupreichik Memorial Rapid 2019"]
[Site "Minsk"]
[Date "2019.08.17"]
[Round "10.23"]
[White "Stanishevskij, Aleksandr"]
[Black "Spizharny, Mikhail"]
[Result "0-1"]
[ECO "B40"]
[WhiteElo "1830"]
[BlackElo "2079"]
[Annotator "NA"]
[PlyCount "146"]
[EventDate "2019.08.15"]
[EventType "swiss"]
[EventCountry "BLR"]
[SourceTitle "playchess.com"]
[Source "ChessBase"]
[SourceQuality "1"]
[TimeControl "900+10"]

1. e4 c5 2. Nf3 e6 3. d3 Nc6 4. g3 Nf6 5. Bg2 d5 6. Nbd2 g6 7. O-O Bg7 8. Re1 O-O 9. Qe2 b6 10. Nf1 e5 11. exd5 Nxd5 12. Ne3 Nxe3 13. Bxe3 Be6 14. Qd2 Re8 15. Bh6 Bh8 16. h4 Qd7 17. a3 Rad8 18. h5 c4 19. hxg6 hxg6 20. dxc4 Bxc4 21. Qxd7 Rxd7 22. Rad1 Red8 23. Rxd7 Rxd7 24. c3 f6 25. Bc1 Bg7 26. Nd2 Bd5 27. Bh3 Rd8 28. Nf1 Bf3 29. Bg2 Bxg2 30. Kxg2 Na5 31. Re4 Kf7 32. Ra4 Rd7 33. Be3 Ke6 34. Rh4 Nb7 35. Kf3 Nd6 36. Ke2 Rc7 37. Nd2 Rc8 38. Rh7 Rg8 39. Rh4 Nf5 40. Ra4 Nxe3 41. Kxe3 a5 42. Rh4 Rd8 43. Rh7 Kf7 44. Nc4 Rb8 45. Rh1 Ke6 46. Rh7 Kf7 47. Rh1 Bf8 48. Rh7+ Bg7 49. Rh1 a4 50. Rd1 Ke7 51. Ke2 b5 52. Ne3 Ke6 53. Rh1 f5 54. Rh7 Rb7 55. Rh1 Rd7 56. Rh4 e4 57. Rh7 Kf7 58. Ng2 Rd8 59. Nf4 Rh8 60. Rxh8 Bxh8 61. Nd5 Be5 62. Ne3 Ke6 63. Nc2 g5 64. Ke3 Kd5 65. Kd2 Kc4 66. Nb4 Kb3 67. Kc1 f4 68. g4 f3 69. Nd5 Bd6 70. Kb1 Bc5 71. Nc7 e3 72. Ne6 exf2 73. Nxc5+ Kc4 0-1

[Event "Kupreichik Memorial Rapid 2019"]
[Site "Minsk"]
[Date "2019.08.17"]
[Round "10.24"]
[White "Shaban, Aliaksandra"]
[Black "Kolosovskaya, Olga"]
[Result "1/2-1/2"]
[ECO "D05"]
[WhiteElo "1734"]
[BlackElo "1719"]
[Annotator "NA"]
[PlyCount "251"]
[EventDate "2019.08.15"]
[EventType "swiss"]
[EventCountry "BLR"]
[SourceTitle "playchess.com"]
[Source "ChessBase"]
[SourceQuality "1"]
[TimeControl "900+10"]

1. d4 d5 2. Nf3 Nf6 3. e3 e6 4. Bd3 Be7 5. O-O O-O 6. Nbd2 b6 7. b3 Bb7 8. Bb2 Nbd7 9. Ne5 c5 10. c4 cxd4 11. exd4 dxc4 12. Ndxc4 Rc8 13. Qe2 Nd5 14. Qg4 N7f6 15. Qd1 Nf4 16. f3 Nxd3 17. Qxd3 Nd5 18. Rfe1 Bh4 19. g3 Be7 20. a3 b5 21. Ne3 Nxe3 22. Rxe3 Qd5 23. Rf1 Rc7 24. Ng4 Bd6 25. Nf2 Rfc8 26. Ne4 Be7 27. Rf2 a6 28. Kg2 Ba8 29. h4 Bf8 30. Ng5 Qf5 31. Ne4 Be7 32. b4 Qd5 33. Nc5 Bxc5 34. dxc5 Qxd3 35. Rxd3 Bd5 36. Be5 Ra7 37. Kh2 a5 38. Bc3 axb4 39. Bxb4 Rc6 40. f4 f5 41. Re3 Kf7 42. Rd2 Ra8 43. Kg1 h6 44. Kf2 Rg8 45. h5 Ra8 46. Ke1 Ra7 47. Rh2 Ke7 48. Rh4 Ra8 49. Kd2 Bc4 50. Kc3 Bd5 51. Kb2 Rf8 52. g4 Rf7 53. gxf5 Rxf5 54. Rg3 Kf8 55. Bc3 Rf7 56. Rhg4 Rcc7 57. Be5 Rcd7 58. Rg6 Be4 59. Rxe6 Rd2+ 60. Kc1 Rc2+ 61. Kd1 Rd7+ 62. Rd6 Rxd6+ 63. Bxd6+ Kf7 64. Re3 Bf5 65. Re7+ Kg8 66. Rb7 Ra2 67. c6 Bg4+ 68. Kc1 Bxh5 69. c7 Bg4 70. Rb8+ Kh7 71. c8=Q Bxc8 72. Rxc8 Ra1+ 73. Kd2 Rf1 74. Ke2 Rb1 75. Rc7 Rb2+ 76. Kf3 Rb3+ 77. Kg2 Rb2+ 78. Kf3 Rb3+ 79. Ke4 h5 80. Kf5 h4 81. Kg4 h3 82. f5 Kg8 83. Rc2 Kf7 84. Bc5 g6 85. fxg6+ Kxg6 86. Bb4 Kf6 87. Kf4 Ke6 88. Ke4 Kf6 89. Kf4 Ke6 90. Rd2 Kf6 91. Bc5 Kg6 92. Kg4 Kf6 93. Re2 Rd3 94. Bb4 Rb3 95. Bf8 Kf7 96. Bd6 Kf6 97. Bc5 Rd3 98. Rb2 Ke5 99. Bf8 Kd5 100. Rxb5+ Kc4 101. Rh5 Kb3 102. Kf4 Ka4 103. Ke4 Rg3 104. Kd4 Rg4+ 105. Kc3 Rg3+ 106. Kc4 Rg4+ 107. Kd3 Rg3+ 108. Ke4 Rc3 109. Bd6 Rb3 110. Kd4 Rf3 111. Kc4 Re3 112. Kd4 Rf3 113. Rh8 Ka5 114. Kd5 Rd3+ 115. Kc6 Ka4 116. Rb8 Rc3+ 117. Kd7 Rd3 118. Ke6 Rd2 119. Rh8 Rd3 120. Rh4+ Kb5 121. a4+ Ka6 122. Kd7 Ka5 123. Kc6 Rc3+ 124. Kb7 Rb3+ 125. Ka7 Rb7+ 126. Kxb7 1/2-1/2

[Event "Kupreichik Memorial Rapid 2019"]
[Site "Minsk"]
[Date "2019.08.17"]
[Round "10.25"]
[White "Drobyshevsky, Vasily"]
[Black "Leinov, Roman"]
[Result "0-1"]
[ECO "D94"]
[WhiteElo "1441"]
[BlackElo "2189"]
[Annotator "NA"]
[PlyCount "110"]
[EventDate "2019.08.15"]
[EventType "swiss"]
[EventCountry "BLR"]
[SourceTitle "playchess.com"]
[Source "ChessBase"]
[SourceQuality "1"]
[TimeControl "900+10"]

1. c4 Nf6 2. Nc3 g6 3. d4 d5 4. e3 Bg7 5. Nf3 O-O 6. Be2 b6 7. O-O Bb7 8. Ne5 Nbd7 9. f4 c5 10. cxd5 cxd4 11. exd4 Nxd5 12. Bf3 N7f6 13. Bd2 Rc8 14. Rc1 e6 15. Qe2 Nxc3 16. bxc3 Bxf3 17. Qxf3 Qd6 18. Qd3 Rfd8 19. Be3 Nd5 20. Rc2 Qa3 21. Rfc1 f6 22. Nf3 Nb4 23. Qd2 Nxc2 24. Qxc2 b5 25. Bd2 a6 26. Rb1 Qd6 27. g3 Qd5 28. Kf2 Rc4 29. Qb3 Ra4 30. Qxd5 exd5 31. Rb2 Kf7 32. Ne1 Ke6 33. Nd3 Bf8 34. Be1 Kd7 35. h3 Re8 36. Bd2 Kc6 37. Rc2 Bd6 38. Kf3 Kd7 39. Be1 Ra3 40. Bd2 b4 41. Kf2 Rc8 42. Ke2 bxc3 43. Bc1 Ra4 44. Be3 Rac4 45. Nc1 a5 46. Nb3 a4 47. Nc1 Rb8 48. Kd3 Rb2 49. Rxc3 Rxc3+ 50. Kxc3 Rg2 51. g4 Rg3 52. Kd2 Rxh3 53. Ne2 h5 54. gxh5 gxh5 55. Nc3 Bb4 0-1

[Event "Kupreichik Memorial Rapid 2019"]
[Site "Minsk"]
[Date "2019.08.17"]
[Round "10.26"]
[White "Zhukovskij, Viktor"]
[Black "Nikolaev, Dmitry"]
[Result "1-0"]
[ECO "C11"]
[WhiteElo "2028"]
[BlackElo "1677"]
[Annotator "NA"]
[PlyCount "135"]
[EventDate "2019.08.15"]
[EventType "swiss"]
[EventCountry "BLR"]
[SourceTitle "playchess.com"]
[Source "ChessBase"]
[SourceQuality "1"]
[TimeControl "900+10"]

1. e4 e6 2. d4 d5 3. Nc3 Nf6 4. e5 Nfd7 5. f4 c5 6. Nf3 Nc6 7. Be3 a6 8. Qd2 Be7 9. Be2 b5 10. a3 Bb7 11. O-O cxd4 12. Nxd4 O-O 13. Bd3 Nc5 14. Nxc6 Bxc6 15. Bd4 Nxd3 16. Qxd3 f5 17. Ne2 Rc8 18. c3 Bd7 19. Qe3 Qa5 20. b4 Qa4 21. Nc1 Qc2 22. Nd3 Rc6 23. Rfc1 Qb3 24. Bc5 Re8 25. Bxe7 Rxe7 26. Nc5 Qc4 27. Rd1 Rxc5 28. Qxc5 Qxc5+ 29. bxc5 Be8 30. Kf2 Rc7 31. Ke3 Rxc5 32. Kd3 Kf7 33. Rdb1 Rc4 34. Rb4 Rc7 35. h3 Kg6 36. g4 h5 37. Rg1 hxg4 38. hxg4 fxg4 39. Rxg4+ Kh6 40. Rg5 Rf7 41. Ke3 Rc7 42. Kd2 Rf7 43. Rg1 Rf5 44. Ke3 Rh5 45. Kd4 Rh3 46. Rc1 Rf3 47. Kc5 a5 48. Rd4 Kg6 49. Kd6 Kf7 50. Rc2 a4 51. Rc1 Rf2 52. Rcd1 g6 53. Rh1 Ra2 54. Rh7+ Kg8 55. Re7 Bf7 56. Rb4 Rxa3 57. Rxb5 Rxc3 58. Rb8+ Kg7 59. Rbb7 g5 60. Rxf7+ Kg6 61. Rf6+ Kh5 62. fxg5 Kxg5 63. Rg7+ Kh5 64. Rf1 Kh6 65. Rg2 Rh3 66. Kxe6 d4 67. Rf4 d3 68. Rxa4 1-0

[Event "Kupreichik Memorial Rapid 2019"]
[Site "Minsk"]
[Date "2019.08.17"]
[Round "10.27"]
[White "Talma, Sergei"]
[Black "Novik, Nikita"]
[Result "0-1"]
[ECO "C10"]
[WhiteElo "1882"]
[BlackElo "1355"]
[Annotator "NA"]
[PlyCount "72"]
[EventDate "2019.08.15"]
[EventType "swiss"]
[EventCountry "BLR"]
[SourceTitle "playchess.com"]
[Source "ChessBase"]
[SourceQuality "1"]
[TimeControl "900+10"]

1. d4 d5 2. Nc3 e6 3. e4 dxe4 4. Nxe4 Nc6 5. Nf3 Be7 6. Bd3 Nf6 7. Nxf6+ Bxf6 8. c3 b6 9. Be4 Bb7 10. Qa4 Qd7 11. Bf4 Na5 12. Qc2 Bxe4 13. Qxe4 Qd5 14. Qxd5 exd5 15. Bxc7 Kd7 16. Be5 Nc4 17. Bxf6 gxf6 18. O-O-O Nd6 19. Nd2 a5 20. Kc2 a4 21. a3 Rac8 22. Kd3 f5 23. g3 Rhe8 24. f3 Re6 25. Rde1 Rce8 26. Rxe6 Rxe6 27. Nf1 Nc4 28. g4 f4 29. h4 Nxb2+ 30. Kc2 Nc4 31. Nh2 Nxa3+ 32. Kc1 Nc4 33. g5 a3 34. Ng4 a2 35. Kc2 Re2+ 36. Kb3 Rb2+ 0-1

[Event "Kupreichik Memorial Rapid 2019"]
[Site "Minsk"]
[Date "2019.08.17"]
[Round "10.28"]
[White "Masjuk, Vladimir"]
[Black "Pogorelov, Aleksey"]
[Result "1-0"]
[ECO "B01"]
[WhiteElo "1900"]
[BlackElo "1548"]
[Annotator "NA"]
[PlyCount "49"]
[EventDate "2019.08.15"]
[EventType "swiss"]
[EventCountry "BLR"]
[SourceTitle "playchess.com"]
[Source "ChessBase"]
[SourceQuality "1"]
[TimeControl "900+10"]

1. e4 d5 2. exd5 Qxd5 3. Nc3 Qa5 4. d4 Nf6 5. Nf3 Bg4 6. Be2 Nc6 7. O-O O-O-O 8. Be3 e6 9. h3 h5 10. a3 Nd5 11. Ne4 Bxf3 12. Bxf3 Nxe3 13. fxe3 Be7 14. c4 Qf5 15. b4 Ne5 16. Nc3 Qg5 17. Qe2 Nxc4 18. Qxc4 Qxe3+ 19. Kh1 Rxd4 20. Qb5 Bd6 21. Bxb7+ Kd8 22. Rxf7 Bf4 23. Ne2 Rd2 24. Nxf4 Qd4 25. Nxe6# 1-0

[Event "Kupreichik Memorial Rapid 2019"]
[Site "Minsk"]
[Date "2019.08.17"]
[Round "10.29"]
[White "Tkachou, Viktar"]
[Black "Strizhnev, Ivan"]
[Result "0-1"]
[ECO "A05"]
[WhiteElo "1791"]
[BlackElo "1394"]
[Annotator "NA"]
[PlyCount "82"]
[EventDate "2019.08.15"]
[EventType "swiss"]
[EventCountry "BLR"]
[SourceTitle "playchess.com"]
[Source "ChessBase"]
[SourceQuality "1"]
[TimeControl "900+10"]

1. Nf3 Nf6 2. c4 c5 3. b3 g6 4. Bb2 Bg7 5. e3 O-O 6. Be2 Nc6 7. O-O Qc7 8. d4 cxd4 9. exd4 d5 10. c5 Nh5 11. g3 Bh3 12. Re1 Nf6 13. Nbd2 Nd7 14. Qc1 e5 15. dxe5 Ndxe5 16. a3 Rfe8 17. b4 a6 18. Nb3 Rad8 19. Nxe5 Nxe5 20. Nd4 Rd7 21. Qc2 Rde7 22. Bc3 Nc6 23. Nxc6 Qxc6 24. Bxg7 d4 25. f3 Kxg7 26. Kf2 Re3 27. Qd2 d3 28. Qxe3 Rxe3 29. Kxe3 dxe2 30. Rxe2 Qd5 31. Raa2 Be6 32. Rad2 Qb3+ 33. Rd3 Qc4 34. Rd4 Qc3+ 35. Rd3 Qc1+ 36. Red2 Bc4 37. Rd7 Qe1+ 38. Kf4 g5+ 39. Kxg5 Qe5+ 40. Kh4 Be6 41. R7d4 Qf6+ 0-1

[Event "Kupreichik Memorial Rapid 2019"]
[Site "Minsk"]
[Date "2019.08.17"]
[Round "10.30"]
[White "Yasiukovich, Sergei"]
[Black "Kashtelyan, Valentin"]
[Result "0-1"]
[ECO "B20"]
[WhiteElo "1529"]
[BlackElo "1488"]
[Annotator "NA"]
[PlyCount "122"]
[EventDate "2019.08.15"]
[EventType "swiss"]
[EventCountry "BLR"]
[SourceTitle "playchess.com"]
[Source "ChessBase"]
[SourceQuality "1"]
[TimeControl "900+10"]

1. e4 c5 2. Be2 Nc6 3. f4 e6 4. Nf3 d5 5. d3 dxe4 6. dxe4 Qc7 7. O-O Nf6 8. Nc3 a6 9. e5 Nd7 10. Ne4 Be7 11. Be3 O-O 12. c3 b5 13. Nfg5 h6 14. Nh3 Rd8 15. Qe1 c4 16. Bf3 Rb8 17. Rd1 Bb7 18. Nd6 Ba8 19. Qg3 Nf8 20. Ne4 Rxd1 21. Rxd1 Rd8 22. Rxd8 Qxd8 23. Nhf2 Bb7 24. h3 Na5 25. Ng4 Ng6 26. Qe1 Bd5 27. g3 Qa8 28. Ngf2 Nc6 29. Bh1 b4 30. Qd2 bxc3 31. Nxc3 Bxh1 32. Nxh1 Nb4 33. Nf2 h5 34. a3 Nc6 35. Nfe4 Qb7 36. Nc5 Bxc5 37. Bxc5 Qc7 38. Ne4 Na5 39. Qd6 Qxd6 40. exd6 h4 41. Bb6 Nc6 42. d7 hxg3 43. d8=Q+ Nxd8 44. Bxd8 Nxf4 45. h4 Nd3 46. Kg2 Nxb2 47. Kxg3 Nd3 48. Ba5 f6 49. Nd6 Ne5 50. Bc3 Nc6 51. Nxc4 Kf7 52. Na5 Ne7 53. Nc4 e5 54. Nd6+ Ke6 55. Ne8 Kf7 56. Nc7 Nf5+ 57. Kg4 Nd6 58. Nxa6 g6 59. Nc7 f5+ 60. Kh3 e4 61. a4 Nc8 0-1

[Event "Kupreichik Memorial Rapid 2019"]
[Site "Minsk"]
[Date "2019.08.17"]
[Round "10.32"]
[White "Karlov, Egor"]
[Black "Shaban, Alena"]
[Result "1/2-1/2"]
[ECO "E06"]
[WhiteElo "1728"]
[BlackElo "2030"]
[Annotator "NA"]
[PlyCount "83"]
[EventDate "2019.08.15"]
[EventType "swiss"]
[EventCountry "BLR"]
[SourceTitle "playchess.com"]
[Source "ChessBase"]
[SourceQuality "1"]
[TimeControl "900+10"]

1. d4 d5 2. c4 e6 3. Nf3 Nf6 4. g3 Be7 5. Bg2 O-O 6. O-O b6 7. Nc3 Bb7 8. Nd2 c5 9. e3 Qd7 10. Nf3 cxd4 11. exd4 dxc4 12. Ne5 Qc8 13. Bxb7 Qxb7 14. Nxc4 Rd8 15. Ne5 Nc6 16. Nxc6 Qxc6 17. Be3 e5 18. Ne2 exd4 19. Nxd4 Qe4 20. Qa4 Bc5 21. Rad1 b5 22. Qc2 Qxc2 23. Nxc2 Bxe3 24. Nxe3 Ne4 25. Rfe1 Kf8 26. Nd5 Nd6 27. Rd3 Rac8 28. Red1 Nc4 29. Rb1 Ne5 30. Rdd1 Rc2 31. a3 Nf3+ 32. Kg2 Nd2 33. Ne3 Rcc8 34. Rbc1 Ne4 35. Rxc8 Rxc8 36. Rd5 a6 37. Rd4 Nc5 38. Rd6 Ke7 39. Nf5+ Kf8 40. Ne3 Ke7 41. Nf5+ Kf8 42. Ne3 1/2-1/2

[Event "Kupreichik Memorial Rapid 2019"]
[Site "Minsk"]
[Date "2019.08.17"]
[Round "10.33"]
[White "Stsepkina, Yauheniya"]
[Black "Patokova, Viktoriya"]
[Result "1-0"]
[ECO "D11"]
[WhiteElo "1537"]
[BlackElo "1503"]
[Annotator "NA"]
[PlyCount "111"]
[EventDate "2019.08.15"]
[EventType "swiss"]
[EventCountry "BLR"]
[SourceTitle "playchess.com"]
[Source "ChessBase"]
[SourceQuality "1"]
[TimeControl "900+10"]

1. d4 d5 2. c4 c6 3. Nf3 Nf6 4. Qb3 e6 5. g3 Nbd7 6. Bg2 Qc7 7. Bf4 Bd6 8. Bxd6 Qxd6 9. O-O dxc4 10. Qxc4 O-O 11. Nc3 b5 12. Qd3 Bb7 13. Rfd1 Rfe8 14. Rac1 Rac8 15. Ng5 h6 16. Nge4 Nxe4 17. Nxe4 Qe7 18. Nc5 Nxc5 19. Rxc5 Red8 20. Rdc1 Qf6 21. e3 Rd6 22. R1c2 a6 23. Qd2 Qe7 24. Qc1 Qd7 25. b4 Kf8 26. a4 bxa4 27. Qa3 Kg8 28. Qxa4 Kf8 29. R2c4 Kg8 30. Rc3 Kf8 31. Ra5 Kg8 32. Bf1 Ra8 33. Bxa6 Rxa6 34. Rxa6 e5 35. Ra5 exd4 36. Rd3 dxe3 37. Rxd6 Qxd6 38. fxe3 Qd2 39. Rc5 Qxe3+ 40. Kf1 Qd3+ 41. Ke1 Ba6 42. Qc2 Qe3+ 43. Kd1 Qg1+ 44. Kd2 Qd4+ 45. Kc1 Qxb4 46. Rxc6 Qa3+ 47. Kd2 Qa5+ 48. Kc1 Qa1+ 49. Qb1 Qa3+ 50. Qb2 Qe3+ 51. Qd2 Qa3+ 52. Qb2 Qe3+ 53. Qd2 Qa3+ 54. Qb2 Qe3+ 55. Qd2 Bd3 56. Qxe3 1-0

[Event "Kupreichik Memorial Rapid 2019"]
[Site "Minsk"]
[Date "2019.08.17"]
[Round "10.34"]
[White "Tarasionak, Arseni"]
[Black "Ostrovskiy, Viktor"]
[Result "1/2-1/2"]
[ECO "A46"]
[WhiteElo "1209"]
[BlackElo "1453"]
[Annotator "NA"]
[PlyCount "105"]
[EventDate "2019.08.15"]
[EventType "swiss"]
[EventCountry "BLR"]
[SourceTitle "playchess.com"]
[Source "ChessBase"]
[SourceQuality "1"]
[TimeControl "900+10"]

1. d4 Nf6 2. Nf3 c5 3. Bg5 cxd4 4. Bxf6 exf6 5. Nxd4 Bb4+ 6. c3 Be7 7. Nf5 O-O 8. Nxe7+ Qxe7 9. e3 Nc6 10. Be2 b6 11. Bf3 Bb7 12. O-O Rab8 13. Na3 Ne5 14. Bxb7 Rxb7 15. Nb5 a6 16. Qd6 Qd8 17. Nd4 Nc4 18. Qb4 b5 19. b3 Ne5 20. Nf5 Nc6 21. Qg4 g6 22. Nd6 Rb6 23. Qh4 Qe7 24. Ne4 f5 25. Qxe7 Nxe7 26. Ng3 Rc6 27. Rac1 Rfc8 28. e4 Rxc3 29. Rxc3 Rxc3 30. Rd1 Rc2 31. Rxd7 Kf8 32. a4 f4 33. Nf1 bxa4 34. bxa4 Ra2 35. g3 Rxa4 36. Ra7 Nc6 37. Ra8+ Kg7 38. Nd2 Ra2 39. Nf3 fxg3 40. hxg3 a5 41. Ra6 Nb4 42. Ra7 Nd3 43. Ng5 Nxf2 44. Rxf7+ Kh6 45. Nxh7 Nxe4 46. Nf8 Ra1+ 47. Kg2 Ra2+ 48. Kg1 Ra1+ 49. Kg2 Ra2+ 50. Kg1 Nxg3 51. Rf6 Kg7 52. Rxg6+ Kxf8 53. Rxg3 1/2-1/2

[Event "Kupreichik Memorial Rapid 2019"]
[Site "Minsk"]
[Date "2019.08.17"]
[Round "10.36"]
[White "Ustiugov, Boris"]
[Black "Rataika, Mikalai"]
[Result "0-1"]
[ECO "E61"]
[WhiteElo "1567"]
[BlackElo "1920"]
[Annotator "NA"]
[PlyCount "82"]
[EventDate "2019.08.15"]
[EventType "swiss"]
[EventCountry "BLR"]
[SourceTitle "playchess.com"]
[Source "ChessBase"]
[SourceQuality "1"]
[TimeControl "900+10"]

1. d4 Nf6 2. c4 g6 3. Nc3 Bg7 4. Bg5 O-O 5. e3 d6 6. Nf3 Na6 7. Be2 c5 8. O-O h6 9. Bh4 Ne8 10. Qd2 f5 11. Rad1 Nf6 12. dxc5 Nxc5 13. Bxf6 Bxf6 14. b4 Ne6 15. Nd5 Bg7 16. Nh4 Kh7 17. Bd3 a6 18. Qc2 Ng5 19. f4 e6 20. fxg5 exd5 21. gxh6 Bxh6 22. Nf3 Bxe3+ 23. Kh1 d4 24. Be2 Be6 25. Nxd4 Bxd4 26. Rxd4 b5 27. c5 Qc8 28. Rxd6 a5 29. a3 axb4 30. axb4 Ra2 31. Qd3 Bc4 32. Rd7+ Kg8 33. Qd4 Qxd7 34. Qxd7 Rxe2 35. c6 Ree8 36. Rd1 Be6 37. Qd6 Bb3 38. Qxg6+ Kh8 39. Rg1 Re6 40. Qh5+ Kg7 41. Rc1 Bc4 0-1

[Event "Kupreichik Memorial Rapid 2019"]
[Site "Minsk"]
[Date "2019.08.17"]
[Round "10.37"]
[White "Laptev, Viktor"]
[Black "Kozlov, Valentin"]
[Result "0-1"]
[ECO "B21"]
[WhiteElo "1424"]
[BlackElo "1871"]
[Annotator "NA"]
[PlyCount "84"]
[EventDate "2019.08.15"]
[EventType "swiss"]
[EventCountry "BLR"]
[SourceTitle "playchess.com"]
[Source "ChessBase"]
[SourceQuality "1"]
[TimeControl "900+10"]

1. e4 c5 2. d4 cxd4 3. c3 dxc3 4. Nxc3 e6 5. Bf4 Be7 6. Nf3 a6 7. Bc4 Nf6 8. e5 Nh5 9. Be3 g6 10. Ne4 O-O 11. Nd6 b5 12. Bb3 Ng7 13. Bc2 Nf5 14. Bxf5 exf5 15. Bh6 Qa5+ 16. Bd2 Qb6 17. Be3 Qa5+ 18. Bd2 b4 19. a3 Nc6 20. axb4 Qd5 21. Bc3 Qxd1+ 22. Rxd1 f6 23. Nxc8 Raxc8 24. Rxd7 fxe5 25. Nxe5 Bxb4 26. Bxb4 Nxe5 27. Rd1 Rfe8 28. O-O Ng4 29. h3 Nf6 30. Bc3 Ne4 31. Bd4 Kf7 32. Rfe1 Rcd8 33. f3 Nf6 34. Rxe8 Nxe8 35. Rd2 Nc7 36. Kf2 Ne6 37. Bc3 Rxd2+ 38. Bxd2 Nc5 39. Ke3 Ke6 40. Bb4 Kd5 41. g4 f4+ 42. Kd2 Kd4 0-1

[Event "Kupreichik Memorial Rapid 2019"]
[Site "Minsk"]
[Date "2019.08.17"]
[Round "10.38"]
[White "Karmishyn, Vadzim"]
[Black "Harbuz, Yaraslau"]
[Result "1-0"]
[ECO "A15"]
[WhiteElo "1494"]
[BlackElo "1359"]
[Annotator "NA"]
[PlyCount "81"]
[EventDate "2019.08.15"]
[EventType "swiss"]
[EventCountry "BLR"]
[SourceTitle "playchess.com"]
[Source "ChessBase"]
[SourceQuality "1"]
[TimeControl "900+10"]

1. c4 Nf6 2. b3 d6 3. Bb2 g6 4. e3 Bg7 5. Nf3 O-O 6. Be2 Nbd7 7. d4 b6 8. d5 Nc5 9. O-O Bf5 10. Nh4 Bd7 11. Na3 c6 12. dxc6 Bxc6 13. Bf3 d5 14. cxd5 Bxd5 15. Bxd5 Nxd5 16. Bxg7 Kxg7 17. Qg4 e6 18. Rfd1 Qe7 19. Rxd5 Qf6 20. Rdd1 Rad8 21. Rab1 h5 22. Qf4 Qc3 23. Nb5 Qa5 24. Qe5+ Kh7 25. Nd4 f6 26. Qg3 g5 27. Nhf3 Rc8 28. b4 h4 29. Qg4 Qxa2 30. bxc5 Kh6 31. Nxe6 Rfe8 32. Nexg5 Qg8 33. Nf7+ Qxf7 34. Rd7 Re7 35. Rxe7 Qxe7 36. Qxc8 Qh7 37. Rc1 bxc5 38. Qxc5 Qg6 39. Qxa7 Qh7 40. Qxh7+ Kxh7 41. Nxh4 1-0

[Event "Kupreichik Memorial Rapid 2019"]
[Site "Minsk"]
[Date "2019.08.17"]
[Round "10.40"]
[White "Melekhov, Artyom"]
[Black "Makarau, Yauheni"]
[Result "1-0"]
[ECO "B01"]
[WhiteElo "1471"]
[BlackElo "1459"]
[Annotator "NA"]
[PlyCount "69"]
[EventDate "2019.08.15"]
[EventType "swiss"]
[EventCountry "BLR"]
[SourceTitle "playchess.com"]
[Source "ChessBase"]
[SourceQuality "1"]
[TimeControl "900+10"]

1. e4 d5 2. exd5 Qxd5 3. d4 Nf6 4. Nc3 Qa5 5. Bd2 Nc6 6. Ne4 Qd5 7. Nxf6+ gxf6 8. Be3 Bf5 9. c4 Qe4 10. Nf3 O-O-O 11. Be2 e5 12. d5 Bb4+ 13. Bd2 Nd4 14. Nxd4 Bxd2+ 15. Qxd2 exd4 16. O-O Rhg8 17. f3 Qh4 18. Bd3 Bh3 19. Rf2 Rde8 20. Kh1 Bd7 21. Rd1 Re3 22. Re2 Rxe2 23. Qxe2 Re8 24. Qd2 Rg8 25. Bf1 c5 26. dxc6 Bxc6 27. Qxd4 Qh5 28. Qf4 Rg6 29. Bd3 Rh6 30. Bf5+ Bd7 31. Bxd7+ Kd8 32. Bg4+ Ke8 33. Bxh5 Rxh5 34. Qe4+ Kf8 35. Rd8+ 1-0